 Dungeon Crawl Stone Soup version 0.18.1-8-gdd0e5ea (webtiles) character file.

11 epen the Ducker (level 2, -3/14 HPs)
             Began as a Spriggan Transmuter on May 21, 2016.
             Slain by a hobgoblin
             ... wielding a +0 club
              (7 damage)
             ... on level 1 of the Dungeon.
             The game lasted 00:01:20 (591 turns).

epen the Ducker (Spriggan Transmuter)                Turns: 591, Time: 00:01:21

Health: -3/14      AC:  2    Str:  6    XL:     2   Next: 17%
Magic:  5/6        EV: 18    Int: 14    God:
Gold:   28         SH:  0    Dex: 16    Spells: 1 memorised, 5 levels left

rFire  . . .     SeeInvis +       - Unarmed
rCold  . . .     Gourm    .     b - +0 robe
rNeg   . . .     Faith    .     (shield restricted)
rPois  .         Spirit   .     (helmet restricted)
rElec  .         Dismiss  .     (no cloak)
rCorr  .         Reflect  .     (gloves unavailable)
SustAt .         Harm     .     (boots unavailable)
MR     .....                    (no amulet)
Stlth  +.........               (no ring)
                                (no ring)

@: appendage, very quick, not resistant to hostile enchantments, very unstealthy
A: unfitting armour, talons 3, see invisible, herbivore 3, speed 3, slow
metabolism 2
a: End Transformation


You were on level 1 of the Dungeon.
You were not hungry.
You had grown temporary talons.
You visited 1 branch of the dungeon, and saw 1 of its levels.

You collected 28 gold pieces.

Inventory:

Missiles
 a - 12 arrows
Armour
 b - a +0 robe (worn)
Scrolls
 e - a scroll of remove curse {unknown}
 f - a scroll of magic mapping {unknown}
 g - a scroll of blinking {unknown}
Books
 c - a book of Changes

   Spells                             Type                      Level
   a - Beastly Appendage              Transmutation                1
   b - Sticks to Snakes               Transmutation                2
   c - Spider Form                    Transmutation/Poison         3
   d - Ice Form                       Ice/Transmutation            4
   e - Blade Hands                    Transmutation                5
Comestibles
 d - a bread ration
 h - a royal jelly


   Skills:
 + Level 1.0 Fighting
 + Level 3.1 Dodging
 * Level 2.6 Unarmed Combat
 + Level 2.7 Spellcasting
 * Level 3.1 Transmutations


You had 5 spell levels left.
You knew the following spells:

 Your Spells              Type           Power        Failure   Level  Hunger
a - Beastly Appendage     Trmt           ##....       10%         1    #......


Dungeon Overview and Level Annotations

Branches:
Dungeon (1/15)

Altars:
Ashenzari


Innate Abilities, Weirdness & Mutations

You are tiny and cannot use many weapons and most armour.
You have supernaturally acute eyesight.
You are a herbivore.
You cover ground extremely quickly.
You need consume almost no food.
You have claws for feet.


Message History

The hobgoblin is severely wounded.
You hit the hobgoblin.
You kill the hobgoblin!
You start resting.
Casting: Beastly Appendage
Confirm with . or Enter, or press ? or * to list all spells.
Your feet morph into talons.
The hobgoblin barely misses you.
You are too injured to fight recklessly!
You are too injured to fight recklessly!
You are too injured to fight recklessly!
You are too injured to fight recklessly!
You are too injured to fight recklessly!
Unknown command.
You closely miss the hobgoblin. Your kick misses the hobgoblin.
The hobgoblin completely misses you.
You barely miss the hobgoblin. Your kick misses the hobgoblin.
The hobgoblin hits you with a club!
Ouch! That really hurt!
You die...

####### ####### ......#
#.....####
#####.#############........#
#####....)....lg@....##.##.##
.(.....#.####.###........#..###
######.#.# #.# #....#...#....#
#.#.# #.###.###......##.### #.#.#
#.##..#⌠..#+##.⌠..... ####.#.#
#.....#.........#....
#....#.####..#####.......###.#.
#...#............#...........#.
###....#.###...#...+..._...+...#.


You could see a hobgoblin and a giant newt.

Vanquished Creatures
  2 dart slugs (D:1)
  A giant gecko (D:1)
  A hobgoblin (D:1)
  3 bats (D:1)
  A giant newt (D:1)
8 creatures vanquished.

Notes
Turn   | Place    | Note
--------------------------------------------------------------
     0 | D:1      | epen the Spriggan Transmuter began the quest for the Orb.
     0 | D:1      | Reached XP level 1. HP: 9/9 MP: 5/5
    93 | D:1      | Found a shattered altar of Ashenzari.
   190 | D:1      | Reached skill level 1 in Fighting
   460 | D:1      | Reached XP level 2. HP: 2/14 MP: 6/6
   591 | D:1      | Slain by a hobgoblin

Skill      XL: |  1 |
---------------+----+-----
Fighting       | 1 |  1.0
Transmutations | 3 |  3.1
Dodging        | |  3.1
Unarmed Combat | |  2.6
Spellcasting   | |  2.7

Action                   || total
-------------------------++-------
Melee: Unarmed           ||    47
 Cast: Beastly Appendage ||     1
Armor: Robe              ||     5
Dodge: Dodged            ||    60
